 Dungeon Crawl Stone Soup version 0.26-a0-591-g04f19ec95a (webtiles) character file.

Game seed: 12702721790393956608

988 GeoCrane the Basher (level 8, -2/46 HPs)
             Began as a Gargoyle Fighter on Aug 24, 2020.
             Was a Believer of Makhleb.
             Slain by an ogre
             ... wielding a +0 giant spiked club
              (12 damage)
             ... on level 6 of the Dungeon.
             The game lasted 00:22:48 (5131 turns).

GeoCrane the Basher (Gargoyle Fighter)              Turns: 5131, Time: 00:22:49

Health: -2/46      AC: 13    Str: 22    XL:     8   Next: 18%
Magic:  8/8        EV:  7    Int:  9    God:    Makhleb [**....]
Gold:   216        SH:  9    Dex:  9    Spells: 7/7 levels left

rFire    . . .     SeeInvis .   a - +0 flail
rCold    . . .     Faith    .   c - +0 kite shield
rNeg     + . .     Spirit   .   b - +0 scale mail
rPois    ∞         Reflect  .   u - +0 helmet
rElec    +         Harm     .   (no cloak)
rCorr    .                      (no gloves)
MR       .....                  (no boots)
Stlth    +.........             (no amulet)
HPRegen  0.15/turn              j - ring of stealth
MPRegen  0.11/turn              k - ring of wizardry

@: no status effects
A: negative energy resistance 1, electricity resistance, unbreathing,
petrification resistance, rot immunity, AC +5
a: Minor Destruction, Renounce Religion


You were on level 6 of the Dungeon.
You worshipped Makhleb.
Makhleb was pleased with you.
You visited 1 branch of the dungeon, and saw 6 of its levels.

You collected 216 gold pieces.

Inventory:

Hand Weapons
 a - a +0 flail (weapon)
Missiles
 o - a javelin (quivered)
Armour
 b - a +0 scale mail (worn)
 c - a +0 kite shield (worn)
 u - a +0 helmet (worn)
Jewellery
 j - a ring of stealth (left hand)
 k - a ring of wizardry (right hand)
Scrolls
 f - a scroll of remove curse
 h - 3 scrolls of teleportation
 r - 2 scrolls of identify
Potions
 d - a potion of might
 e - 2 potions of curing
 g - a potion of lignification {unknown}
 i - a potion of cancellation
 l - a potion of mutation {unknown}
 m - a potion of heal wounds {unknown}
 n - a potion of experience {unknown}
 q - a potion of invisibility {unknown}
 s - a potion of haste
 v - a potion of stabbing {unknown}


   Skills:
 - Level 3.2 Fighting
 * Level 9.4 Maces & Flails
 - Level 3.2 Armour
 - Level 3.2 Shields


You had 7 spell levels left.
You didn't know any spells.
Your spell library was empty.

Dungeon Overview and Level Annotations

Branches:
Dungeon (5/15)
 Temple: D:4-7

Altars:
Elyvilon
Fedhas
Gozag
Makhleb
Sif Muna
Yredelemnul

Annotations:
D:6 Sigmund


Innate Abilities, Weirdness & Mutations

You are resistant to torment.
Your stone body is resilient. (AC +5)
You are immune to poison.
You resist negative energy. (rN+)
You are resistant to electric shocks. (rElec)
You can survive without breathing.
You are immune to petrification.
You are immune to rotting.


Message History

An ufetubus comes into view.
Sigmund points at you and mumbles some strange words.
The puff of flame hits you!
* * * LOW HITPOINT WARNING * * *
The ufetubus hits you but does no damage.
You block the ufetubus's attack.
The sentinel's mark upon you fades away.
The ufetubus barely misses you. x2
Sigmund hits you from afar with a +0 scythe.
* * * LOW HITPOINT WARNING * * *
The ufetubus hits you but does no damage.
You block the ufetubus's attack. The ufetubus closely misses you.
You block the ufetubus's attack.
The ufetubus hits you but does no damage.
The ufetubus barely misses you.
Sigmund casts a spell.
Sigmund flickers and vanishes!
Deactivating autopickup; reactivate with Ctrl-A.
The ogre hits you with a +0 giant spiked club!
You die...

#......# ##......#
#.......# #.......#
+.......+ ####†####
#.....##...
...########...........
.......@5.{...........
........O.Z...........
.........#########.###
.........# +#
.........# ##.##....#
#. ##+### #


You could see an ogre, an ufetubus and an adder zombie.

Vanquished Creatures
  Menkaure (D:4)
  2 ogres
  A phantom (D:4)
  A necrophage (D:6)
  2 hounds (D:4)
  A bullfrog skeleton (D:6)
  An orc priest (D:4)
  4 orc wizards
  A centaur skeleton (D:4)
  An iguana (D:6)
  2 worker ants
  A killer bee zombie (D:6)
  A hound skeleton (D:4)
  A howler monkey skeleton (D:6)
  4 adders
  An ufetubus (D:4)
  2 oozes
  2 worms
  2 dart slugs
  2 leopard geckos
  12 orcs
  3 ball pythons
  5 giant cockroaches
  5 goblins
  8 hobgoblins
  13 jackals
  3 quokkas
  8 bats
  4 frilled lizards
  A jackal skeleton (D:3)
  6 kobolds
  27 rats
128 creatures vanquished.

Notes
Turn   | Place    | Note
-------+----------+-------------------------------------------
     0 | D:1      | GeoCrane the Gargoyle Fighter began the quest for the Orb.
     0 | D:1      | Reached XP level 1. HP: 14/14 MP: 1/1
   130 | D:1      | Reached XP level 2. HP: 14/19 MP: 2/2
   260 | D:1      | Reached skill level 3 in Maces & Flails
   374 | D:1      | Reached XP level 3. HP: 23/23 MP: 3/3
  1159 | D:2      | Reached skill level 4 in Maces & Flails
  1192 | D:2      | Found a burning altar of Makhleb.
  1398 | D:2      | Reached XP level 4. HP: 25/28 MP: 4/4
  1645 | D:2      | Found a blossoming altar of Fedhas.
  1645 | D:2      | Found a shimmering blue altar of Sif Muna.
  1820 | D:2      | Became a worshipper of Makhleb the Destroyer
  2228 | D:3      | Found a white marble altar of Elyvilon.
  2289 | D:3      | Reached skill level 5 in Maces & Flails
  2289 | D:3      | Reached XP level 5. HP: 22/32 MP: 5/5
  2408 | D:3      | Reached * piety under Makhleb
  2502 | D:3      | Found a basalt altar of Yredelemnul.
  2777 | D:4      | Reached skill level 6 in Maces & Flails
  2777 | D:4      | Reached XP level 6. HP: 34/37 MP: 6/6
  2849 | D:4      | Found an opulent altar of Gozag.
  2988 | D:4      | Noticed Menkaure
  3859 | D:4      | Killed Menkaure
  3859 | D:4      | Reached skill level 7 in Maces & Flails
  3859 | D:4      | Reached XP level 7. HP: 41/41 MP: 7/7
  4181 | D:4      | Reached skill level 8 in Maces & Flails
  4368 | D:4      | Reached ** piety under Makhleb
  4620 | D:5      | Entered Level 5 of the Dungeon
  4643 | D:5      | You fall into a shaft and drop 1 floor!
  4887 | D:6      | Reached skill level 9 in Maces & Flails
  4887 | D:6      | Reached XP level 8. HP: 24/46 MP: 8/8
  5112 | D:6      | Noticed Sigmund
  5131 | D:6      | Slain by an ogre

Illustrated notes

Levels and vault maps discovered:
D:1:      lightli_arrival_windingriver, layout_basic
D:2:      layout_loops_corners, bloody_makhleb, gammafunk_temple_overflow_wave
D:3:      layout_loops_ring, kennysheep_ying_yang
D:4:      layout_basic, grunt_gozag_breadcrumbs, minmay_rat_hole, uniq_menkaure
D:5:      layout_gridville, kennysheep_little_box,
          minmay_temple_entry_large_hall, gammafunk_ghost_arena
D:6:      layout_gridville, doesnt_xom_only_xom, uniq_edmund, uniq_sigmund

Skill      XL: |  1  2  3  4  5  6  7 |
---------------+----------------------+-----
Maces & Flails | 3 4 5 6 7 9 |  9.4
Fighting       | |  3.2
Armour         | |  3.2
Shields        | |  3.2

Action                   |  1- 3 |  4- 6 |  7- 9 || total
-------------------------+-------+-------+-------++-------
Melee: Flail             |   134 |   163 |   166 ||   463
Throw: Javelin           |       |     2 |     3 ||     5
  Use: Scroll            |       |     6 |     2 ||     8
Armor: Scale mail        |    74 |   102 |    76 ||   252
Dodge: Dodged            |    39 |    44 |    39 ||   122
Block: Kite shield       |    82 |    91 |    63 ||   236

Table legend: (Time is in decaauts)
 A = Elapsed time spent in this place.
 B = Non-inter-level travel time spent in this place.
 C = Inter-level travel time spent in this place.
 D = Time resting spent in this place.
 E = Time spent auto-exploring this place.
 F = Levels seen in this place.
 G = Mean time per level.
                   A        B        C        D        E       F      G
               +--------+--------+--------+--------+--------+-----+--------+
         Total |   5232 |   5069 |    163 |    570 |   3328 |   6 |  872.0 |
       Dungeon |   5232 |   5069 |    163 |    570 |   3328 |   6 |  872.0 |
               +--------+--------+--------+--------+--------+-----+--------+

Top non-repeatable levels by time:
     D:3: 1520 daAuts
     D:4: 1317 daAuts
     D:2: 1009 daAuts
     D:1: 865 daAuts
     D:6: 497 daAuts
     D:5: 22 daAuts
